 Dungeon Crawl Stone Soup version 0.31-a0-1447-g87ca8d402b (webtiles) character file.

Game seed: 1739577171022321968

162264 jasper the Severer (level 17, -6/124 (139) HPs)
             Began as a Demonspawn Cinder Acolyte on Dec 27, 2023.
             Was a High Priest of Jiyva.
             Mangled by a death scarab (13 damage)
             ... on level 3 of the Spider Nest.
             The game lasted 01:13:07 (32577 turns).

jasper the Severer (Demonspawn Cinder Acolyte)     Turns: 32577, Time: 01:13:07

HP:   -6/124 (139)  AC: 21    Str: 19 (20) XL:     17   Next: 21%
MP:   0/18          EV:  9    Int: 17      God:    Jiyva [*****.]
Gold: 1208          SH: 13    Dex: 15      Spells: 18/18 levels left

rFire   . . .        Y - +4 broad axe (venom)
rCold   + . .        Z - +0 kite shield
rNeg    . . .        K - +1 plate armour
rPois   +            (helmet unavailable)
rElec   .            O - +1 cloak {rPois}
rCorr   +            G - +0 pair of gloves
SInv    +            x - +1 pair of boots of Hedging {rC+ Will+}
Will    ++...        W - amulet of regeneration Stlth
                     h - +4 ring of slaying
HPRegen 2.64/turn    i - ring of see invisible
MPRegen 1.04/turn

%: guardian spirit
@: slowed, heavily drained, very slow
A: horns 3, thin skeletal structure 3, foul stench 2, augmentation 1, magic
shield, magic regeneration, magic link, hooves 1, gelatinous body 3, pseudopods
3
a: Renounce Religion, Oozemancy, Slimify


You were on level 3 of the Spider Nest.
You worshipped Jiyva.
Jiyva was extremely pleased with you.
You visited 5 branches of the dungeon, and saw 26 of its levels.
You also visited: Gauntlet.

You collected 2941 gold pieces.
You spent 1733 gold pieces at shops.

Inventory:

Hand Weapons
 a - a -1 hand axe of flaming
 Y - a +4 broad axe of venom (weapon)
Missiles
 d - 23 boomerangs (quivered)
 n - 5 curare-tipped darts
 r - 5 silver javelins
 M - 5 javelins
 S - a throwing net
 T - 3 atropa-tipped darts
Armour
 u - a scarf of resistance
 x - the +1 pair of boots of Hedging (worn) {rC+ Will+}
   (You acquired it on level 5 of the Dungeon)

   rC+:       It protects you from cold.
   Will+:     It increases your willpower.
 G - a +0 pair of gloves (worn)
 K - a +1 plate armour (worn)
 O - a +1 cloak of poison resistance (worn)
 R - a +0 tower shield
 Z - a +0 kite shield (worn)
Jewellery
 g - a ring of flight
 h - a +4 ring of slaying (left hand)
 i - a ring of see invisible (right hand)
 l - the ring "Yvezuj" {rN+ rCorr}
   (You bought it in a shop on level 1 of the Dungeon)

   [ring of positive energy]

   rN+:       It protects you from negative energy.
   rCorr:     It protects you from acid and corrosion.
 w - a ring of protection from cold
 I - a ring of protection from fire
 W - an amulet of regeneration (around neck)
Wands
 b - a wand of digging (15)
 m - a wand of mindburst (8)
 z - a wand of light (12)
 D - a wand of charming (26)
 E - a wand of polymorph (6)
 F - a wand of iceblast (4)
Scrolls
 e - a scroll of blinking
 v - 9 scrolls of teleportation
 y - 2 scrolls of enchant armour
 H - 4 scrolls of revelation
 L - 4 scrolls of fog
 P - 3 scrolls of fear
 U - 3 scrolls of vulnerability
 V - a scroll of identify
 X - a scroll of butterflies
Potions
 c - 5 potions of lignification
 f - a potion of resistance
 j - 3 potions of haste
 k - 5 potions of cancellation
 o - 3 potions of brilliance
 p - 9 potions of enlightenment
 q - 2 potions of magic
 s - 3 potions of might
 A - 2 potions of attraction
 B - 14 potions of curing
 C - 4 potions of heal wounds
 J - 2 potions of ambrosia
 N - a potion of invisibility
 Q - a potion of mutation {unknown}
Miscellaneous
 t - a box of beasts


   Skills:
 + Level 14.0 Fighting
 - Level 18.0 Axes
 - Level 5.0 Throwing
 + Level 13.5 Armour
 + Level 13.5 Shields
 - Level 1.0 Spellcasting
 - Level 2.6 Fire Magic
 - Level 3.0 Evocations


You had 18 spell levels left.
You didn't know any spells.
Your spell library contained the following spells:

 Spells                   Type           Power      Damage    Failure   Level
 Scorch                   Fire           18%        2d5       95%         2
 Apportation              Tloc           0%         N/A       99%         1
 Magic Dart               Conj           0%         1d3       99%         1
 Necrotise                Necr           0%         1d4       99%         1
 Sandblast                Erth           0%         2d4       99%         1
 Shock                    Conj/Air       0%         1d3       99%         1
 Sting                    Conj/Alch      0%         1d3       99%         1
 Summon Small Mammal      Summ           0%         N/A       99%         1
 Blink                    Tloc           0%         N/A       100%        2
 Call Imp                 Summ           0%         N/A       100%        2
 Cigotuvi's Dreadful Rot  Necr/Alch/Air  0%         N/A       100%        2
 Ensorcelled Hibernation  Hex/Ice        0%         N/A       100%        2
 Jinxbite                 Hex            0%         N/A       100%        2
 Lesser Beckoning         Tloc           0%         N/A       100%        2
 Searing Ray              Conj           0%         2d4       100%        2
 Gell's Gravitas          Tloc           0%         N/A       100%        3
 Inner Flame              Hex/Fire       5%         N/A       100%        3
 Ozocubu's Armour         Ice            0%         N/A       100%        3
 Passwall                 Erth           0%         N/A       100%        3
 Stone Arrow              Conj/Erth      0%         3d7       100%        3
 Swiftness                Air            0%         N/A       100%        3
 Teleport Other           Tloc           0%         N/A       100%        3
 Tukima's Dance           Hex            0%         N/A       100%        3
 Volatile Blastmotes      Fire/Tloc      10%        2d10      100%        3
 Airstrike                Air            0%         2d(0-16)  100%        4
 Animate Armour           Summ/Erth      0%         N/A       100%        4
 Brom's Barrelling Bould  Conj/Erth      0%         2d3       100%        4
 Cause Fear               Hex            0%         N/A       100%        4
 Dimensional Bullseye     Hex/Tloc       0%         N/A       100%        4
 Dispel Undead            Necr           0%         3d6       100%        4
 Fulminant Prism          Conj/Alch      0%         3d5       100%        4
 Iskenderun's Mystic Bla  Conj/Tloc      0%         2d3       100%        4
 Martyr's Knell           Necr/Summ      0%         N/A       100%        4
 Summon Blazeheart Golem  Fire/Summ      5%         N/A       100%        4
 Summon Lightning Spire   Summ/Air       0%         N/A       100%        4
 Alistair's Intoxication  Alch           0%         N/A       100%        5
 Fireball                 Conj/Fire      2%         3d4       100%        5
 Irradiate                Conj/Alch      0%         3d11      100%        5
 Iskenderun's Battlesphe  Conj           0%         2d6       100%        5
 Lee's Rapid Deconstruct  Erth           0%         3d4*      100%        5
 Metabolic Englaciation   Hex/Ice        0%         N/A       100%        5
 Yara's Violent Unravell  Hex/Alch       0%         3d3       100%        5
 Bombard                  Conj/Erth      0%         9d1       100%        6
 Death Channel            Necr           0%         N/A       100%        6
 Dispersal                Tloc           0%         N/A       100%        6
 Sculpt Simulacrum        Ice/Alch       0%         N/A       100%        6
 Enfeeble                 Hex            0%         N/A       100%        7
 Orb of Destruction       Conj           0%         9d5       100%        7
 Spellforged Servitor     Conj/Summ      0%         N/A       100%        7
 Ignition                 Fire           4%         3d4       100%        8
 Dragon's Call            Summ           0%         N/A       100%        9


Dungeon Overview and Level Annotations

Branches:
Dungeon (15/15)            Temple (1/1) D:7            Lair (5/5) D:11
  Swamp (0/4) Lair:2       Spider (3/4) Lair:2        Slime (0/5) Lair:5
    Orc (2/2) D:10            Elf (0/3) Orc:2        Vaults (0/5) D:14
 Depths (0/4) D:15        Gauntlet (visited)

Altars:
Ashenzari
Cheibriados
Dithmenos
Fedhas
Gozag
Hepliaklqana
Kikubaaqudgha
Makhleb
Nemelex Xobeh
Okawaru
Qazlal
Ru
Sif Muna
Trog
Uskayaw
Vehumet
Wu Jian
Xom
Yredelemnul
Jiyva
Lugonu

Shops:
D:1 =   D:10 (*   D:11 *[[=   Orc:2 :(*[

Portals:
Abyss: D:15

Annotations:
D:15 Roxanne
Spider:3 Uximull's ghost, adept DsCA


Innate Abilities, Weirdness & Mutations

You have a pair of large horns on your head.
You have an unnaturally thin skeletal structure. (Dex +6, Stealth+++)
You sometimes emit foul miasma when damaged in melee.
Your magical and physical power is slightly enhanced at high health.
When hurt, damage is shared between your health and your magic reserves.
You regenerate magic rapidly.
When low on magic, you restore magic in place of health.
You have large cloven feet.
Your gelatinous body deflects attacks. (AC +3, EV +3)
Armour fits poorly on your massive pseudopods.


Message History

The spark wasp barely misses you.
You take 17 damage, and have 15/124 hp.
The ghost moth stares at you.
You feel your power leaking away.
The ghost moth hits you but does no damage.
The ghost moth misses you. You block the ghost moth's attack.
The spark wasp attacks as it pursues you!
The spark wasp stings you but does no damage.
The jumping spider leaps!
The ghost moth stares at you. You block the ghost moth's attack. x2
The ghost moth stings you but does no damage.
The ghost moth hits you but does no damage. x2
The ghost moth stings you but does no damage.
The death scarab bites you but does no damage.
The ghost moth stares at you. The spark wasp closely misses you.
Blink to where?
Press: ? - help, Dir - move target
As you read the scroll of blinking, it crumbles to dust.
The ghost moth stares at you.
You feel your power leaking away.
You regained 5 mp, and now have 5/18 mp.
The death scarab waves its antennae.
You block the death scarab's attack. The ghost moth stares at you.
You feel your power leaking away.
There is a stone staircase leading up here.
You regained 2 hp, and now have 19/124 hp.
You now have 0/18 mp.
You block the death scarab's attack. The spark wasp closely misses you.
The death scarab bites you!
* * * LOW HITPOINT WARNING * * *
The death scarab draws strength from your injuries!
You emit a cloud of foul miasma!
The ghost moth stares at you.
You feel your power leaking away.
The spark wasp stings you but does no damage.
The death scarab bites you!
You die...

##.####....#~~###... ######
#....##~....^~≈≈#... #≈#≈≈##
#.....##≈~....~≈....
#≈~~~≈####.....#~~~.....~~..#
####~~.#...#..^...##.~#.........
##^†..#............#^..#.........
#..^.............................
#..#^#.......#................^..
##......>.......@.......J^..^##≈~
......#~####...yB.............~~~
...........###.y......>..#......~
...^.........~y##...............#
.<........#..#≈~≈..###.........#.
~#.......###...≈≈...#............
.###.....##..#.y###..^....^....^.
####.....#.^....y.........#^.....
.#~..^.#####..#.y.<.......#^.....


You could see 2 ghost moths, a spark wasp and a death scarab.

Vanquished Creatures
  Arachne (Spider:3)
  Jorgrun (Orc:2)
  Rupert (Lair:5)
  Frances (D:12)
  2 ghost moths (Spider:3)
  3 emperor scorpions
  An orc warlord (Orc:1)
  2 broodmothers
  Azrael (Orc:2)
  A minotaur (Gauntlet)
  2 spark wasps
  4 entropy weavers
  An ettin (D:15)
  A rakshasa (D:15)
  2 vault guards (D:14)
  3 hydras
  Erolcha (D:10)
  3 catoblepae
  An ice dragon (Lair:5)
  6 centaur warriors
  9 boulder beetles
  2 jorogumos
  2 ogre magi
  13 two-headed ogres
  6 death yaks (Lair:5)
  10 demonic crawlers
  A tengu warrior (D:13)
  A thrashing horror (Gauntlet)
  3 orc high priests
  A skyshark (Lair:5)
  7 skeletal warriors (D:14)
  6 pharaoh ants
  The ghost of IdlyInterested the Mimic, a novice DsFi (D:7)
  A bog body (Lair:2)
  2 orb spiders
  A deep troll (D:15)
  2 lindwurms
  2 arcanists (D:14)
  5 orc knights
  6 steelbarb worms
  2 deep elf pyromancers
  17 wolf spiders
  4 necromancers
  7 cyclopes
  2 ugly things
  A moth of wrath (Spider:1)
  4 manticores
  4 orc sorcerers (Orc:2)
  A kobold blastminer (Orc:2)
  The ghost of wally255 the Chopper, a novice MiBe of Trog (D:5)
  8 black mambas
  A guardian serpent (Lair:5)
  10 torpor snails
  16 cane toads
  3 gargoyles
  A rime drake (Lair:3)
  An unseen horror (D:10)
  Jeremiah (D:7)
  An efreet (Gauntlet)
  14 komodo dragons
  A tengu conjurer (D:15)
  8 hornets (Lair:5)
  6 trolls
  3 polar bears
  4 tyrant leeches (Lair:5)
  26 tarantellas
  22 blink frogs
  26 jumping spiders
  A centaur simulacrum (D:14)
  A spriggan (shapeshifter) (D:10)
  6 slime creatures (D:12)
  13 culicivoras
  2 spriggans (Lair:1)
  4 wraiths
  43 yaks
  2 vampires (D:10)
  16 wyverns
  Eustachio (D:5)
  20 fire elementals
  4 hogs (D:8)
  4 wargs
  4 basilisks
  17 humans
  3 steam dragons
  56 redbacks
  15 water moccasins
  7 hell hounds
  A black bear (Lair:1)
  36 orc warriors
  13 centaurs
  A boggart (D:10)
  13 wolves
  12 ogres
  3 kobold brigands
  A phantom (D:4)
  14 bullfrogs
  A gnoll sergeant (D:10)
  3 small abominations (Gauntlet)
  9 wights
  13 killer bees
  8 electric eels
  10 howler monkeys
  A bombardier beetle (D:4)
  4 hounds
  27 orc priests
  A sleepcap (D:6)
  5 iguanas
  A gnoll bouda (D:4)
  6 hell rats (Lair:1)
  21 orc wizards
  21 gnolls
  3 adders
  2 shadow imps
  5 white imps
  3 worms
  3 dart slugs
  94 orcs
  10 ball pythons
  11 endoplasms
  3 giant cockroaches
  12 goblins
  13 hobgoblins
  12 jackals (D:4)
  19 kobolds
  2 quokkas
  2 frilled lizards (D:1)
  4 rats
  A lurking horror (D:15)
957 creatures vanquished.

Vanquished Creatures (collateral kills)
  An orb spider (Spider:2)
  A torpor snail (Spider:3)
  4 orcs (D:7)
6 creatures vanquished.

Vanquished Creatures (others)
  A vault guard (D:14)
  A culicivora (Spider:3)
  A redback (Spider:2)
  A water moccasin (Lair:5)
  37 jellies
  An orc priest (Orc:2)
  3 orcs (Orc:2)
45 creatures vanquished.

Grand Total: 1008 creatures vanquished

Notes
Turn   | Place    | Note
-------+----------+-------------------------------------------
     0 | D:1      | jasper the Demonspawn Cinder Acolyte began the quest for
                  | the Orb.
     0 | D:1      | Reached XP level 1. HP: 18/18 MP: 2/2
   215 | D:1      | Reached skill level 3 in Axes
   325 | D:1      | Gained mutation: You have a somewhat thin skeletal
                  | structure. (Dex +2, Stealth+) [demonic ancestry]
   325 | D:1      | Reached XP level 2. HP: 24/24 MP: 3/3
   376 | D:1      | Found Gothraedwu's Jewellery Emporium.
   819 | D:2      | Gained mutation: You regenerate magic rapidly. [demonic
                  | ancestry]
   819 | D:2      | Reached XP level 3. HP: 29/29 MP: 4/4
  2034 | D:3      | Found a faded altar of an unknown god.
  2344 | D:3      | Reached skill level 1 in Armour
  2662 | D:4      | Reached skill level 4 in Axes
  2662 | D:4      | Reached XP level 4. HP: 35/35 MP: 5/5
  3001 | D:4      | Noticed a phantom
  3027 | D:4      | Killed a phantom
  3028 | D:4      | Gained mutation: You have a pair of small horns on your
                  | head. [demonic ancestry]
  3028 | D:4      | Reached XP level 5. HP: 36/42 MP: 6/6
  3298 | D:5      | Entered Level 5 of the Dungeon
  3580 | D:5      | Noticed Eustachio
  3624 | D:5      | Found a shimmering blue altar of Sif Muna.
  3659 | D:5      | Noticed an ogre
  3694 | D:5      | Killed an ogre
  3695 | D:5      | Reached skill level 5 in Axes
  3695 | D:5      | Gained mutation: You have a pair of horns on your head.
                  | [demonic ancestry]
  3695 | D:5      | Reached XP level 6. HP: 48/48 MP: 7/7
  3746 | D:5      | Identified a scroll of acquirement
  3746 | D:5      | Acquired the +1 pair of boots of Hedging {rC+ Will+}
  3767 | D:5      | Found a transporter.
  3770 | D:5      | Noticed wally255's ghost (novice MiBe)
  3992 | D:6      | Noticed a water moccasin
  3996 | D:6      | Killed a water moccasin
  4221 | D:6      | Gained mutation: You may rarely emit foul miasma when
                  | damaged in melee. [demonic ancestry]
  4221 | D:6      | Reached XP level 7. HP: 55/55 MP: 8/8
  4241 | D:6      | Identified the +8 whip of Usaa {pain, +Blink Will+}
  4340 | D:6      | Reached skill level 6 in Axes
  4604 | D:7      | Found a stormy altar of Qazlal.
  4759 | D:7      | Found a hazy altar of Hepliaklqana.
  4791 | D:7      | Reached skill level 1 in Evocations
  4840 | D:7      | Found a staircase to the Ecumenical Temple.
  4866 | D:7      | Reached skill level 5 in Fighting
  4867 | D:7      | Reached XP level 8. HP: 44/62 MP: 9/9
  4867 | D:7      | Noticed Jeremiah
  4944 | D:8      | Reached skill level 7 in Axes
  5307 | D:8      | Reached skill level 8 in Axes
  5307 | D:8      | Reached XP level 9. HP: 69/69 MP: 10/10
  5339 | D:8      | Reached skill level 5 in Armour
  5844 | D:8      | Reached skill level 9 in Axes
  6037 | D:8      | Found a sparkling altar of Nemelex Xobeh.
  6321 | D:8      | Noticed a two-headed ogre
  6336 | D:8      | Killed a two-headed ogre
  6337 | D:8      | Gained mutation: You have a moderately thin skeletal
                  | structure. (Dex +4, Stealth++) [demonic ancestry]
  6337 | D:8      | Reached XP level 10. HP: 79/79 MP: 11/11
  7757 | D:4      | Reached skill level 10 in Axes
  7785 | D:4      | Identified the +2 helmet of Etaudwac {Dex+5}
  8481 | D:5      | Found a transporter.
  8494 | D:5      | Killed Eustachio
  8506 | D:5      | Found a snail-covered altar of Cheibriados.
  8852 | D:5      | Killed wally255's ghost
  9267 | D:9      | Noticed a two-headed ogre
  9271 | D:9      | Killed a two-headed ogre
  9676 | D:9      | Found a shadowy altar of Dithmenos.
 10016 | D:10     | Entered Level 10 of the Dungeon
 10108 | D:9      | Reached skill level 11 in Axes
 10429 | D:10     | Found an iron altar of Okawaru.
 10639 | D:10     | Gained mutation: When hurt, damage is shared between your
                  | health and your magic reserves. [demonic ancestry]
 10639 | D:10     | Reached XP level 11. HP: 78/87 MP: 12/12
 10709 | D:10     | Noticed Erolcha
 10719 | D:10     | Killed Erolcha
 10975 | D:10     | Found Johask's Assorted Antiques.
 10986 | D:10     | Bought a fizzy sapphire potion for 23 gold pieces
 10986 | D:10     | Bought 2 fizzy sapphire potions for 46 gold pieces
 10986 | D:10     | Bought a scroll of fear for 104 gold pieces
 10986 | D:10     | Bought a scroll of teleportation for 78 gold pieces
 11051 | D:10     | Noticed a deep elf pyromancer
 11060 | D:10     | Killed a deep elf pyromancer
 11091 | D:10     | Found Efasebanu's Antique Weapon Shop.
 11096 | D:10     | Bought a runed war axe for 188 gold pieces
 11133 | D:10     | Found a blossoming altar of Fedhas.
 11230 | D:10     | Found a staircase to the Orcish Mines.
 11437 | D:11     | Found Riuhisk's Armour Emporium.
 11437 | D:11     | Found Limic's General Store.
 11437 | D:11     | Noticed a boulder beetle
 11525 | D:11     | Reached skill level 12 in Axes
 11532 | D:10     | HP: 1/89 [something (19)]
 11660 | D:11     | Killed a boulder beetle
 11689 | D:11     | Noticed a green ugly thing
 11699 | D:11     | Killed a green ugly thing
 11704 | D:11     | Noticed a two-headed ogre
 11780 | D:10     | Killed a two-headed ogre
 11878 | D:11     | Found Olau's Antique Armour Emporium.
 11879 | D:11     | Found Ufan's Jewellery Emporium.
 11886 | D:11     | Bought a ring of poison resistance for 340 gold pieces
 11892 | D:11     | Bought a kite shield for 108 gold pieces
 11951 | D:11     | Found a staircase to the Lair.
 12138 | D:11     | Reached skill level 10 in Fighting
 12260 | Lair:1   | Entered Level 1 of the Lair of Beasts
 12336 | Lair:1   | Reached skill level 13 in Axes
 12404 | Lair:1   | Gained mutation: You sometimes emit foul miasma when
                  | damaged in melee. [demonic ancestry]
 12404 | Lair:1   | Reached XP level 12. HP: 85/97 MP: 10/13
 12646 | Lair:1   | Noticed a boulder beetle
 12771 | Lair:1   | Killed a boulder beetle
 13527 | Lair:2   | Found a basalt altar of Yredelemnul.
 13744 | Lair:2   | Found a hole to the Spider Nest.
 13800 | Lair:2   | Reached skill level 14 in Axes
 13959 | Lair:2   | Reached skill level 10 in Armour
 14112 | Lair:2   | Found a staircase to the Swamp.
 14135 | Lair:2   | Reached skill level 1 in Shields
 14215 | Lair:2   | Noticed a boulder beetle
 14227 | Lair:2   | Killed a boulder beetle
 14503 | Lair:3   | Noticed a catoblepas
 14523 | Lair:3   | Killed a catoblepas
 14662 | Lair:3   | Reached skill level 15 in Axes
 14749 | Lair:3   | Reached XP level 13. HP: 93/103 MP: 14/14
 15820 | Lair:4   | Found an ornate altar of the Wu Jian Council.
 15822 | Lair:4   | Found a hide-covered altar of Uskayaw.
 15848 | Lair:4   | Reached skill level 5 in Shields
 15927 | Lair:4   | Reached skill level 16 in Axes
 16428 | Orc:1    | Entered Level 1 of the Orcish Mines
 16583 | Orc:2    | Entered Level 2 of the Orcish Mines
 17110 | Orc:2    | Noticed Jorgrun
 17123 | Orc:2    | Killed Jorgrun
 17152 | Orc:2    | Found a staircase to the Elven Halls.
 17469 | Orc:2    | Noticed Azrael
 17687 | Lair:5   | Entered Level 5 of the Lair of Beasts
 17726 | Lair:5   | Found a gate leading to a gauntlet.
 17793 | Gauntlet | Entered a Gauntlet
 17793 | Gauntlet | Found a transporter.
 17809 | Gauntlet | Found a transporter.
 17825 | Gauntlet | Found a transporter.
 17829 | Gauntlet | Found a transporter.
 17847 | Gauntlet | Found a transporter.
 17859 | Gauntlet | Found a runed translucent gate.
 17860 | Gauntlet | Found a transporter.
 17860 | Gauntlet | Found a runed translucent gate.
 17864 | Gauntlet | Found a transporter.
 17868 | Gauntlet | Found a transporter.
 17878 | Gauntlet | Found a runed translucent gate.
 17895 | Gauntlet | Found a transporter.
 17915 | Gauntlet | Found a transporter.
 17919 | Gauntlet | Found a transporter.
 17927 | Gauntlet | Found a transporter.
 18098 | Gauntlet | Noticed a minotaur
 18112 | Gauntlet | Killed a minotaur
 18314 | Lair:5   | Gained mutation: You have a pair of large horns on your
                  | head. [demonic ancestry]
 18314 | Lair:5   | Reached XP level 14. HP: 110/110 MP: 15/15
 18503 | Lair:5   | Reached skill level 10 in Shields
 18583 | Lair:5   | Reached skill level 1 in Throwing
 18704 | Lair:5   | Acquired a +0 broad axe of venom
 18948 | Lair:5   | Reached skill level 5 in Throwing
 19192 | Lair:5   | Noticed Rupert
 19802 | Temple   | Entered the Ecumenical Temple
 19876 | D:7      | Killed Jeremiah
 19885 | D:7      | Found a burning altar of Makhleb.
 20144 | D:7      | Found a runed translucent door.
 20145 | D:7      | Noticed IdlyInterested's ghost (novice DsFi)
 20192 | D:7      | Killed IdlyInterested's ghost
 20427 | Lair:5   | Found a viscous altar of Jiyva.
 20428 | Lair:5   | Found a staircase to the Slime Pits.
 20435 | Lair:5   | Fell from the grace of Ignis
 20435 | Lair:5   | Became a worshipper of Jiyva Jadorhir the Shapeless
 20892 | Lair:5   | Found the +8 whip "Snakebite" {venom, curare, rPois}
 21291 | Lair:5   | Killed Rupert
 21732 | Orc:2    | Gained mutation: You have an unnaturally thin skeletal
                  | structure. (Dex +6, Stealth+++) [demonic ancestry]
 21732 | Orc:2    | Reached XP level 15. HP: 114/117 MP: 16/16
 22413 | Orc:2    | Reached skill level 17 in Axes
 22439 | Orc:2    | Found Taikuegg's Antique Weapon Boutique.
 22467 | Orc:2    | Killed Azrael
 22593 | Orc:2    | Found Imezxor's Antique Armour Boutique.
 22608 | Orc:2    | Found Maysurei's General Store.
 22615 | Orc:2    | Bought a scroll of teleportation for 42 gold pieces
 22615 | Orc:2    | Bought a scroll of fog for 56 gold pieces
 22624 | Orc:2    | Found Kuen's Book Boutique.
 23093 | D:1      | Bought a ring of protection from cold for 325 gold pieces
 23093 | D:1      | Bought the ring "Yvezuj" {rN+ rCorr} for 423 gold pieces
 25129 | D:12     | Noticed Frances
 25154 | D:12     | Killed Frances
 25308 | D:12     | Was forgiven by Ignis
 25972 | D:13     | Reached * piety under Jiyva
 26114 | D:13     | Identified the +5 dagger of Catohir {freeze, rF+}
 26268 | D:13     | Reached ** piety under Jiyva
 27499 | D:14     | Reached *** piety under Jiyva
 27557 | D:14     | Identified the +0 robe of Subjectivity {Int+5 Dex-3 Stlth+
                  | Archmagi}
 27559 | D:14     | Found a gate to the Vaults.
 27685 | D:14     | Found a shadowy altar of Dithmenos.
 27854 | D:15     | Entered Level 15 of the Dungeon
 27854 | D:15     | Gained mutation: Armour fits poorly on your pseudopods.
                  | [Jiyva's grace]
 27854 | D:15     | Gained mutation: Armour fits poorly on your large
                  | pseudopods. [Jiyva's grace]
 27854 | D:15     | Gained mutation: Armour fits poorly on your massive
                  | pseudopods. [Jiyva's grace]
 27854 | D:15     | Gained mutation: You possess an exceptional clarity of
                  | mind. [Jiyva's grace]
 28276 | D:15     | Noticed Roxanne
 28303 | D:15     | Found a staircase to the Depths.
 28490 | D:15     | Found a one-way gate to the infinite horrors of the Abyss.
 28507 | D:15     | Found a corrupted altar of Lugonu.
 28547 | D:15     | Gained mutation: When low on magic, you restore magic in
                  | place of health. [demonic ancestry]
 28547 | D:15     | Reached XP level 16. HP: 81/127 MP: 12/17
 29117 | Spider:1 | Entered Level 1 of the Spider Nest
 29121 | Spider:1 | Reached skill level 18 in Axes
 29443 | Spider:1 | Reached **** piety under Jiyva
 29709 | Spider:1 | Was placed under penance by Jiyva
 29741 | Spider:1 | You are sucked into a shaft and drop 1 floor!
 29753 | Spider:1 | Was forgiven by Jiyva
 30390 | Spider:2 | Lost mutation: You possess an exceptional clarity of mind.
                  | [Jiyva's grace]
 30390 | Spider:2 | Gained mutation: Your rubbery body absorbs attacks. (AC +1,
                  | EV +1) [Jiyva's grace]
 30390 | Spider:2 | Gained mutation: Your pliable body absorbs attacks. (AC +2,
                  | EV +2) [Jiyva's grace]
 30390 | Spider:2 | Gained mutation: Your gelatinous body deflects attacks. (AC
                  | +3, EV +3) [Jiyva's grace]
 30390 | Spider:2 | Gained mutation: You have large cloven feet. [Jiyva's
                  | grace]
 30717 | Spider:2 | Reached ***** piety under Jiyva
 31481 | Spider:3 | Found a runed translucent gate.
 31481 | Spider:3 | Found a runed translucent gate.
 31837 | Spider:3 | Gained mutation: Your magical and physical power is
                  | slightly enhanced at high health. [demonic ancestry]
 31837 | Spider:3 | Reached XP level 17. HP: 98/138 MP: 3/18
 31871 | Spider:3 | Noticed Arachne
 32027 | Spider:3 | Killed Arachne
 32140 | Spider:3 | Paralysed by a jorogumo for 2 turns
 32150 | Spider:3 | HP: 5/113 [torpor snail (4)]
 32273 | Spider:3 | Noticed Uximull's ghost (adept DsCA)
 32299 | Spider:3 | Found a runed translucent gate.
 32577 | Spider:3 | Mangled by a death scarab

Illustrated notes

Levels and vault maps discovered:
D:1:      dpeg_arrival_three_bigger_balls, layout_basic, serial_shops, shop,
          serial_curves, eino_curves_03, eino_curves_01, eino_curves_02
D:2:      layout_basic, lightli_corner_chamber
D:3:      cheibrodos_greedy_goblins, layout_basic,
          ebering_ecumenical_altar_sacrificial
D:4:      lemuel_castle_with_subvaults [lemuel_castle_interior_carwin_3],
          layout_layer_cave
D:5:      layout_loops_corners, nicolae_sif_muna_condensation,
          kennysheep_slug_shrine, gammafunk_ghost_arena, uniq_eustachio
D:6:      layout_loops_ring
D:7:      layout_loops_ring, nicolae_qazlal_scattered_showers,
          mainiacjoe_overflow_boulevard, mainiacjoe_overflow_cross_hatched,
          minmay_temple_entry_trees, gammafunk_ghost_grave, uniq_jeremiah
D:8:      layout_layer_cave, mainiacjoe_overflow_surrounded_room,
          mainiacjoe_overflow_small_starburst, grunt_livestock,
          minmay_alternating_orb
D:9:      layout_roguey, mainiacjoe_overflow_alcove_4
D:10:     layout_irregular_city, grunt_temple_overflow_open, hiddenorc1_lemuel,
          serial_shops, nicolae_square_shop, shop, minmay_bent, uniq_erolcha
D:11:     layout_basic, erik_lair_orcish_takeover, minmay_shop_grid_forest
D:12:     layout_roguey, lightli_minifort, uniq_frances
D:13:     layout_irregular_city, hangedman_glass_teeth
D:14:     layout_irregular_city, grunt_vaults_entry_tiered,
          grunt_dithmenos_shadows, st_stairs_5, minmay_misc_feat_nine_boxes
D:15:     hangedman_depths_entry_civil_slaughter, layout_gridville,
          good_gods_mini_temple, amcnicky_altar_lugonu_corruption, uniq_roxanne
Temple:   nicolae_temple_ecumenical_triangle
Lair:1:   wad_woods_tower, layout_long_grid, serial_bayou_pond_d, st_stairs_5
Lair:2:   layout_regular_city, nicolae_swamp_entry_splash_gauntlet,
          spider_nest_entry_web_field, basic_altar
Lair:3:   layout_hall_layers, hibernation_bobbens
Lair:4:   layout_concentric_octagons, nzn_masters_of_martial_movement
Lair:5:   hangedman_lair_tendril_chambers, layout_cellular_growth, wormcave,
          dpeg_slime_entry_corner, gauntlet_entry_generic,
          chequers_serial_rivers_micro_d, serial_bayou_pond_d,
          chequers_serial_rivers_micro_e, uniq_rupert
Spider:1: layout_spider_delve, nicolae_spider_some_kinda_spiderbox
Spider:2: layout_chambers
Spider:3: layout_spider_delve, gammafunk_ghost_split, uniq_arachne
Orc:1:    layout_caves, nicolae_orc_rockfall, david_defended_altar_orc
Orc:2:    grunt_orc_cross, layout_caves, basic_altar, uniq_azrael, uniq_jorgrun

Skill      XL: |  1  2  3  4  5  6  7  8  9 10 11 12 13 14 15 16 17 |
---------------+----------------------------------------------------+-----
Axes           | 3 4 5 6 8 9 11 13 15 16 17 18 | 18.0
Armour         | 1 2 3 4 6 7 9 10 11 13 | 13.5
Fighting       | 4 5 6 7 8 10 11 13 14 | 14.0
Evocations     | 3 |  3.0
Shields        | 3 9 10 11 13 | 13.5
Throwing       | 5 |  5.0
Spellcasting   | |  1.0
Fire Magic     | |  2.6

Action                     |  1- 3 |  4- 6 |  7- 9 | 10-12 | 13-15 | 16-18 || total
---------------------------+-------+-------+-------+-------+-------+-------++-------
  Melee: Hand axe          |    80 |    52 |     5 |       |    15 |       ||   152
         Punch             |     2 |       |       |     5 |       |       ||     7
         Headbutt          |       |     7 |    21 |   143 |   321 |   153 ||   645
         War axe           |       |       |   115 |   654 |   466 |       ||  1235
         Broad axe         |       |       |       |       |   761 |   506 ||  1267
         Pseudopods        |       |       |       |       |    26 |   164 ||   190
  Throw: Boomerang         |    29 |     1 |    18 |     8 |    20 |    19 ||    95
         Dart              |       |     3 |     3 |    13 |     2 |       ||    21
         Throwing net      |       |     1 |     1 |       |       |       ||     2
 Invoke: Fiery Armour      |     1 |     1 |     1 |     6 |     3 |       ||    12
         Rising Flame      |       |       |       |       |     1 |       ||     1
         Oozemancy         |       |       |       |       |     1 |       ||     1
  Evoke: Wand              |       |     6 |    12 |     1 |    11 |    11 ||    41
    Use: Scroll            |     2 |     4 |     2 |    14 |    10 |     8 ||    40
         Potion            |       |       |       |       |     4 |     3 ||     7
   Stab: Betrayed ally     |       |       |     1 |       |       |       ||     1
         Held in net/web   |       |       |     2 |       |       |       ||     2
         Distracted        |       |       |       |       |       |     1 ||     1
 Armour: Robe              |     6 |       |       |       |       |       ||     6
         Scale mail        |    24 |       |       |       |       |       ||    24
         Chain mail        |     2 |    51 |    60 |       |       |       ||   113
         Plate armour      |       |       |    43 |   673 |  1099 |   685 ||  2500
  Dodge: Dodged            |    31 |    26 |    34 |   152 |   202 |   191 ||   636
  Block: Kite shield       |       |       |       |     4 |   656 |   513 ||  1173

Table legend: (Time is in decaauts)
 A = Elapsed time spent in this place.
 B = Non-inter-level travel time spent in this place.
 C = Inter-level travel time spent in this place.
 D = Time resting spent in this place.
 E = Time spent auto-exploring this place.
 F = Levels seen in this place.
 G = Mean time per level.
                   A        B        C        D        E       F      G
               +--------+--------+--------+--------+--------+-----+--------+
         Total |  32414 |  29063 |   3351 |   5822 |  12986 |  27 | 1200.5 |
       Dungeon |  18476 |  16208 |   2268 |   2928 |   7438 |  15 | 1231.7 |
        Temple |     39 |     31 |      8 |      0 |      0 |   1 |   39.0 |
          Lair |   8204 |   7373 |    831 |   1854 |   3173 |   5 | 1640.8 |
   Spider Nest |   3064 |   2959 |    105 |    465 |   1442 |   3 | 1021.3 |
  Orcish Mines |   2297 |   2160 |    137 |    572 |    758 |   2 | 1148.5 |
      Gauntlet |    331 |    331 |      0 |      3 |    174 |   1 |  331.0 |
               +--------+--------+--------+--------+--------+-----+--------+

Top non-repeatable levels by time:
  Lair:5: 2420 daAuts
     D:8: 2168 daAuts
     D:4: 1930 daAuts
  Lair:2: 1667 daAuts
Spider:2: 1566 daAuts
    D:10: 1474 daAuts
     D:9: 1417 daAuts
  Lair:1: 1396 daAuts
  Lair:3: 1391 daAuts
     D:2: 1382 daAuts
  Lair:4: 1328 daAuts
   Orc:2: 1267 daAuts
    D:14: 1180 daAuts
    D:12: 1152 daAuts
     D:5: 1150 daAuts
